 Dungeon Crawl Stone Soup version 0.18.1-8-gdd0e5ea (webtiles) character file.

228 Neebert the Shield-Bearer (level 5, -5/47 HPs)
             Began as a Minotaur Fighter on May 25, 2016.
             Slain by an orc warrior
             ... wielding a +0 mace
              (10 damage)
             ... on level 3 of the Dungeon.
             The game lasted 00:23:09 (2017 turns).

Neebert the Shield-Bearer (Minotaur Fighter)        Turns: 2017, Time: 00:23:10

Health: -5/47      AC:  7    Str: 21    XL:     5   Next: 70%
Magic:  4/4        EV:  3    Int:  7    God:
Gold:   115        SH:  9    Dex: 10    Spells: 0 memorised, 4 levels left

rFire  . . .     SeeInvis .     a - +0 flail
rCold  . . .     Gourm    .     b - +0 scale mail
rNeg   . . .     Faith    .     c - +0 shield
rPois  .         Spirit   .     (helmet restricted)
rElec  .         Dismiss  .     (no cloak)
rCorr  .         Reflect  .     (no gloves)
SustAt .         Harm     .     (no boots)
MR     .....                    (no amulet)
Stlth  ..........               q - ring of flight
                                k - +2 ring of intelligence

@: not resistant to hostile enchantments, extremely unstealthy
A: retaliatory headbutt, horns 2
a: Evoke Flight


You were on level 3 of the Dungeon.
You were not hungry.

You visited 1 branch of the dungeon, and saw 3 of its levels.

You collected 115 gold pieces.

Inventory:

Hand Weapons
 a - a +0 flail (weapon)
 e - a +0 club
Armour
 b - a +0 scale mail (worn)
 c - a +0 shield (worn)
Jewellery
 k - a +2 ring of intelligence (left hand)
 q - a ring of flight (right hand)
Wands
 j - a wand of digging (11/24)
 o - a wand of flame (28/48)
Scrolls
 h - 2 scrolls of identify {unknown}
 l - a scroll of immolation {unknown}
 m - 2 scrolls of recharging {unknown}
 n - a scroll of enchant armour {unknown}
 p - a scroll of remove curse {unknown}
Potions
 d - a potion of might
 i - a potion of ambrosia {unknown}
Comestibles
 f - 3 bread rations
 g - 5 chunks of flesh


   Skills:
 + Level 4.5 Fighting
 * Level 4.3 Maces & Flails
 + Level 4.7 Armour
 + Level 2.0 Dodging
 + Level 4.8 Shields


You had 4 spell levels left.
You didn't know any spells.

Dungeon Overview and Level Annotations

Branches:
Dungeon (3/15)

Altars:
Dithmenos
The Shining One


Innate Abilities, Weirdness & Mutations

You reflexively headbutt those who attack you in melee.
You have a pair of horns on your head.


Message History

The orc warrior hits you with a mace!
You closely miss the orc warrior.
The orc warrior is lightly wounded.
The orc warrior hits you but does no damage.
You closely miss the orc warrior.
The orc warrior is lightly wounded.
You block the orc warrior's attack.
You hit the orc warrior.
The orc warrior is lightly wounded.
You block the orc warrior's attack.
You hit the orc warrior but do no damage.
The orc warrior is lightly wounded.
The orc warrior hits you with a mace!
* * * LOW HITPOINT WARNING * * *
There is an open door here.
Things that are here:
a club; a dagger
There is a stone staircase leading down here.
The orc warrior hits you with a mace!
You die...

. #.%.## # .. #.... ..# #
.#.##.#.# #.# ### # ......#'##
#.# ##.#### ...###...## #.#
#.#.... ## ##.....## #.###
##.#### ##.......## #.#.##
####.....
#.........###....######........
+.........).{o@................
#.(.......####..>....##.##.#...
##.......## ##..###..#.##....#
##.....## ##.# #.#..##<#..#
##...## #.###..#.##..... ##+##
#.....##..... .#
###..########.## #.## . #.# .#


You could see an orc warrior.

Vanquished Creatures
  The ghost of daning the Charmwright, an amateur HESk (D:3)
  3 gnolls (D:2)
  5 adders
  An ooze (D:1)
  3 dart slugs
  A giant gecko (D:2)
  5 orcs (D:3)
  4 bats
  4 giant cockroaches
  7 goblins
  4 hobgoblins
  5 jackals
  2 quokkas (D:2)
  7 giant newts
  4 kobolds
  9 rats
65 creatures vanquished.

Notes
Turn   | Place    | Note
--------------------------------------------------------------
     0 | D:1      | Neebert the Minotaur Fighter began the quest for the Orb.
     0 | D:1      | Reached XP level 1. HP: 19/19 MP: 0/0
    86 | D:1      | Reached XP level 2. HP: 21/27 MP: 1/1
   462 | D:1      | Reached XP level 3. HP: 33/33 MP: 2/2
   916 | D:2      | Found a glowing golden altar of the Shining One.
   957 | D:2      | Found a shadowy altar of Dithmenos.
  1091 | D:2      | Reached XP level 4. HP: 40/40 MP: 3/3
  1096 | D:2      | Reached skill level 1 in Dodging
  1811 | D:3      | Reached XP level 5. HP: 47/47 MP: 4/4
  1853 | D:3      | Noticed daning's ghost (amateur HESk)
  1876 | D:3      | Killed daning's ghost
  1963 | D:3      | Noticed an orc warrior
  2017 | D:3      | Slain by an orc warrior

Skill      XL: |  1  2  3  4  5 |
---------------+----------------+-----
Shields        | 4 |  4.8
Fighting       | 4 |  4.5
Maces & Flails | 3 4 |  4.3
Armour         | 4 |  4.7
Dodging        | 1 2 |  2.0

Action                   |  1- 3 |  4- 6 || total
-------------------------+-------+-------++-------
Melee: Flail             |   113 |    97 ||   210
       Headbutt          |    12 |     8 ||    20
  Eat: Chunk             |     1 |     3 ||     4
Armor: Scale mail        |    49 |    36 ||    85
Dodge: Dodged            |    21 |    30 ||    51
Block: Shield            |    54 |    55 ||   109
